 Dungeon Crawl Stone Soup version 0.29.1-15-g9cfb28693d (webtiles) character file.

Game seed: 16626285157904566299

672 Gabide the Covert (level 7, 0/60 HPs)
             Began as a Gnoll Delver on Mar 31, 2023.
             Slain by Pikel
             ... wielding a +2 whip of electrocution
              (2 damage)
             ... on level 3 of the Dungeon.
             The game lasted 00:09:21 (5297 turns).

Gabide the Covert (Gnoll Delver)                    Turns: 5297, Time: 00:09:21

Health: 0/60       AC:  3    Str: 11    XL:     7   Next: 59%
Magic:  11/11      EV: 14    Int:  9    God:
Gold:   140        SH:  0    Dex: 16    Spells: 11/11 levels left

rFire   . . .      SeeInvis .   l - +0 rapier
rCold   . . .      Faith    .   (no shield)
rNeg    . . .      Spirit   .   b - +0 leather armour
rPois   .          Reflect  .   (no helmet)
rElec   .          Harm     .   (no cloak)
rCorr   .          Rampage  .   (no gloves)
Will    .....                   (no boots)
Stlth   ++++......              (no amulet)
HPRegen 0.20/turn               h - ring of wizardry
MPRegen 0.12/turn               (no ring)

@: no status effects
A: fangs 1, strong nose, distributed training
a: no special abilities


You were on level 3 of the Dungeon.
You visited 1 branch of the dungeon, and saw 5 of its levels.
You also visited: Sewer.

You collected 140 gold pieces.

Inventory:

Hand Weapons
 l - a +0 rapier (weapon)
Missiles
 c - 4 stones (quivered)
Armour
 b - a +0 leather armour (worn)
 n - the +2 scale mail of the Pits of Slime {Will+ rCorr Int+5 Dex-3}
   (You found it in a sewer)

   Int:       It affects your intelligence (+5).
   Dex:       It affects your dexterity (-3).
   rCorr:     It protects you from acid and corrosion.
   Will:      It increases your willpower.
Jewellery
 h - a ring of wizardry (left hand)
Wands
 e - a wand of flame (1)
 g - a wand of digging (3)
Scrolls
 p - a scroll of acquirement {unknown}
 q - 2 scrolls of poison {unknown}
 r - 2 scrolls of enchant armour {unknown}
 v - a scroll of noise {unknown}
Potions
 a - a potion of heal wounds
 d - a potion of curing
 j - a potion of ambrosia {unknown}
 o - a potion of flight {unknown}
 s - a potion of mutation {unknown}
 t - a potion of cancellation {unknown}
 u - a potion of magic {unknown}
 x - a potion of berserk rage {unknown}


   Skills:
 + Level 7.1 Fighting
 + Level 5.3 Short Blades
 + Level 2.7 Long Blades
 + Level 2.7 Axes
 + Level 2.7 Maces & Flails
 + Level 2.7 Polearms
 + Level 2.7 Staves
 + Level 2.7 Ranged Weapons
 + Level 2.7 Throwing
 + Level 2.7 Armour
 + Level 5.3 Dodging
 + Level 10.0 Stealth
 + Level 2.7 Shields
 + Level 2.7 Unarmed Combat
 + Level 2.7 Spellcasting
 + Level 2.2 Conjurations
 + Level 2.2 Hexes
 + Level 2.2 Summonings
 + Level 2.2 Necromancy
 + Level 2.2 Translocations
 + Level 2.2 Transmutations
 + Level 2.2 Fire Magic
 + Level 2.2 Ice Magic
 + Level 2.2 Air Magic
 + Level 2.2 Earth Magic
 + Level 2.2 Poison Magic
 + Level 3.0 Invocations
 + Level 2.7 Evocations


You had 11 spell levels left.
You didn't know any spells.
Your spell library contained the following spells:

 Spells                   Type           Power      Damage    Failure   Level
 Foxfire                  Conj/Fire      20%        2x1d5     6%          1
 Magic Dart               Conj           20%        1d4       6%          1
 Call Imp                 Summ           5%         N/A       10%         2
 Conjure Flame            Conj/Fire      5%         6-21      19%         3
 Inner Flame              Hex/Fire       5%         N/A       19%         3
 Mephitic Cloud           Conj/Pois/Air  5%         N/A       19%         3
 Cause Fear               Hex            2%         N/A       52%         4
 Flame Wave               Conj/Fire      5%         2d5       52%         4
 Fulminant Prism          Conj/Hex       2%         3d6       52%         4
 Iskenderun's Mystic Bla  Conj/Tloc      5%         2d3       52%         4
 Lee's Rapid Deconstruct  Erth           2%         3d6*      85%         5
 Discord                  Hex            2%         N/A       100%        8


Dungeon Overview and Level Annotations

Branches:
Dungeon (5/15)              Sewer (visited)
 Temple: D:4-7

Altars:

Shops:
D:4 [

Annotations:
D:3 Pikel


Innate Abilities, Weirdness & Mutations

You have very sharp teeth.
Your uncanny sense of smell can sniff out nearby items.
Your experience applies equally to all skills.


Message History

Pikel is almost dead.
Throw: 3 darts (curare)
Press: ? - help, Shift-Dir - straight line, f/p - Pikel
Aim: Pikel, wielding a +2 whip of electrocution and wearing a +0 robe (almost dead, unusually resistant, 58% to hit)
You throw a curare-tipped dart.
The curare-tipped dart closely misses Pikel.
Unknown command.
Throw: 2 darts (curare)
Press: ? - help, Shift-Dir - straight line, f/p - Pikel
Aim: Pikel, wielding a +2 whip of electrocution and wearing a +0 robe (almost dead, unusually resistant, 58% to hit)
You throw a curare-tipped dart. The curare-tipped dart hits Pikel.
Pikel is almost dead.
Unknown command.
Throw: dart (curare)
Press: ? - help, Shift-Dir - straight line, f/p - Pikel
Aim: Pikel, wielding a +2 whip of electrocution and wearing a +0 robe (almost dead, unusually resistant, 58% to hit)
You throw a curare-tipped dart. The curare-tipped dart hits Pikel.
Pikel is almost dead.
Throw: 6 stones
Press: ? - help, Q - select action, (/) - cycle Shift-Dir - straight line, f/p - Pikel
Aim: Pikel, wielding a +2 whip of electrocution and wearing a +0 robe (almost dead, unusually resistant, 58% to hit)
You throw a stone. The stone closely misses Pikel.
Throw: 5 stones
Press: ? - help, Q - select action, (/) - cycle Shift-Dir - straight line, f/p - Pikel
Aim: Pikel, wielding a +2 whip of electrocution and wearing a +0 robe (almost dead, unusually resistant, 58% to hit)
You throw a stone. The stone closely misses Pikel.
Pikel hits you with a +2 whip of electrocution!
* * * LOW HITPOINT WARNING * * *
You hit Pikel.
Pikel is almost dead.
Pikel says, "Hell isn't that bad."
Pikel hits you with a +2 whip of electrocution!
* * * LOW HITPOINT WARNING * * *
You barely miss Pikel.
Pikel is almost dead.
Pikel completely misses you.
You hit Pikel.
Pikel is almost dead.
Pikel hits you with a +2 whip of electrocution.
You die...

######.....#######.#.###
.............# #.....#
........[..#.#######.#.#
.<.........#.........#.#
...........###########.#
.......................#
.......................#
...........###########.#
...........# #.@..# #.#
...........# #.#K.# #.#####
...........# #.#.####.....#
...#.#####.# #......#####.#
##...#.....######(##.# #.#
..#..#.#........#(...# #.#
#.##...#.######.#.##.#####.#
..##.###.### #(>..#.......#
##.........# ##############


You could see Pikel (resistant).

Vanquished Creatures
  Eustachio (D:4)
  A necrophage (D:4)
  2 bullfrogs
  A scorpion (D:3)
  A wight (D:4)
  A hound (D:4)
  Jessica (D:3)
  6 adders
  A worm (D:2)
  3 dart slugs
  An orc (D:5)
  7 endoplasms
  7 giant cockroaches
  11 hobgoblins
  7 jackals
  5 kobolds
  8 quokkas
  15 ball pythons
  5 bats
  14 frilled lizards
  8 goblins
  5 rats
111 creatures vanquished.

Notes
Turn   | Place    | Note
-------+----------+-------------------------------------------
     0 | D:5      | Reached skill level 9 in Stealth
     0 | D:5      | Gabide the Gnoll Delver began the quest for the Orb.
     0 | D:5      | Reached XP level 1. HP: 23/23 MP: 1/1
    19 | D:5      | Reached XP level 2. HP: 21/29 MP: 2/2
   183 | D:5      | Noticed a black bear
   264 | D:4      | Noticed a bullfrog
   466 | D:4      | Noticed a wight
   498 | D:4      | Noticed Eustachio
   498 | D:4      | Noticed a scorpion
   501 | D:4      | Noticed a necrophage
   573 | D:3      | Noticed Jessica
   580 | D:3      | Killed Jessica
   581 | D:3      | Reached skill level 1 in Invocations
   581 | D:3      | Reached XP level 3. HP: 35/35 MP: 2/4
   719 | D:3      | Reached skill level 1 in Long Blades
   719 | D:3      | Reached skill level 1 in Axes
   719 | D:3      | Reached skill level 1 in Maces & Flails
   719 | D:3      | Reached skill level 1 in Polearms
   719 | D:3      | Reached skill level 1 in Staves
   719 | D:3      | Reached skill level 1 in Ranged Weapons
   719 | D:3      | Reached skill level 1 in Throwing
   719 | D:3      | Reached skill level 1 in Armour
   719 | D:3      | Reached skill level 1 in Shields
   719 | D:3      | Reached skill level 1 in Unarmed Combat
   719 | D:3      | Reached skill level 1 in Spellcasting
   719 | D:3      | Reached skill level 1 in Evocations
   735 | D:3      | Reached XP level 4. HP: 21/41 MP: 5/5
   962 | D:3      | Found a glowing drain.
   967 | Sewer    | Entered a sewer
  1071 | Sewer    | Reached skill level 1 in Conjurations
  1071 | Sewer    | Reached skill level 1 in Hexes
  1071 | Sewer    | Reached skill level 1 in Summonings
  1071 | Sewer    | Reached skill level 1 in Necromancy
  1071 | Sewer    | Reached skill level 1 in Translocations
  1071 | Sewer    | Reached skill level 1 in Transmutations
  1071 | Sewer    | Reached skill level 1 in Fire Magic
  1071 | Sewer    | Reached skill level 1 in Ice Magic
  1071 | Sewer    | Reached skill level 1 in Air Magic
  1071 | Sewer    | Reached skill level 1 in Earth Magic
  1071 | Sewer    | Reached skill level 1 in Poison Magic
  1530 | Sewer    | Noticed a bullfrog
  1542 | Sewer    | Identified the +2 scale mail of the Pits of Slime {Will+
                  | rCorr Int+5 Dex-3}
  1553 | Sewer    | Killed a bullfrog
  1554 | Sewer    | Reached XP level 5. HP: 33/47 MP: 7/7
  3140 | D:2      | Found a faded altar of an unknown god.
  3154 | D:2      | Reached XP level 6. HP: 53/53 MP: 8/8
  4089 | D:4      | Found Qimonwau's Antique Armour Shoppe.
  4109 | D:4      | Reached skill level 5 in Short Blades
  4109 | D:4      | Reached skill level 5 in Dodging
  4529 | D:4      | Killed Eustachio
  4530 | D:4      | Reached XP level 7. HP: 59/60 MP: 10/10
  5089 | D:4      | Reached skill level 10 in Stealth
  5258 | D:4      | Noticed Pikel
  5295 | D:3      | HP: 2/60 [Pikel/+2 whip of electrocution (7)]
  5297 | D:3      | Slain by Pikel

Illustrated notes

Levels and vault maps discovered:
D:1:      matt_arrival_diagonals, layout_basic, minmay_fountain_box
D:2:      layout_basic, shapermc_ecumenical_altar_gd
D:3:      layout_basic, portal_sewer_entry_e, minmay_pentomino_pile,
          uniq_jessica
D:4:      layout_rooms, nicolae_overflow_crystal_walls, serial_shops,
          nicolae_shop_hallway_stairs, uniq_eustachio, uniq_menkaure, uniq_pikel
D:5:      layout_cave_pools, led_xom_imps, minivault_14

Skill      XL: |  1  2  3  4  5  6  7 |
---------------+----------------------+-----
Stealth        | 10 | 10.0
Invocations    | 1 2 3 |  3.0
Long Blades    | 1 2 |  2.7
Axes           | 1 2 |  2.7
Maces & Flails | 1 2 |  2.7
Polearms       | 1 2 |  2.7
Staves         | 1 2 |  2.7
Ranged Weapons | 1 2 |  2.7
Throwing       | 1 2 |  2.7
Armour         | 1 2 |  2.7
Shields        | 1 2 |  2.7
Unarmed Combat | 1 2 |  2.7
Spellcasting   | 1 2 |  2.7
Evocations     | 1 2 |  2.7
Conjurations   | 1 2 |  2.2
Hexes          | 1 2 |  2.2
Summonings     | 1 2 |  2.2
Necromancy     | 1 2 |  2.2
Translocations | 1 2 |  2.2
Transmutations | 1 2 |  2.2
Fire Magic     | 1 2 |  2.2
Ice Magic      | 1 2 |  2.2
Air Magic      | 1 2 |  2.2
Earth Magic    | 1 2 |  2.2
Poison Magic   | 1 2 |  2.2
Short Blades   | 5 |  5.3
Dodging        | 5 |  5.3
Fighting       | 7 |  7.1

Action                   |  1- 3 |  4- 6 |  7- 9 || total
-------------------------+-------+-------+-------++-------
Melee: Short sword       |    49 |       |       ||    49
       Bite              |     4 |    14 |     9 ||    27
       Rapier            |    14 |   239 |    53 ||   306
       Punch             |       |     2 |     3 ||     5
Throw: Stone             |       |    17 |    10 ||    27
       Dart              |       |       |     6 ||     6
       Throwing net      |       |       |     2 ||     2
  Use: Scroll            |     3 |     4 |     2 ||     9
       Potion            |     1 |       |     4 ||     5
 Stab: Sleeping          |     6 |    28 |       ||    34
       Fleeing           |     1 |       |       ||     1
       Distracted        |       |     1 |       ||     1
       Held in net/web   |       |       |     3 ||     3
Armor: Leather armour    |    12 |    37 |    13 ||    62
Dodge: Dodged            |    33 |   144 |    42 ||   219
